AoeStats
← Coyunto90

Golden Pit

509363937Analyzed
1v1 RM · 6d ago on Sep 26, 2026· 45m 4s· 2 players
Game mode
Random Map
Map size
Tiny (2 player)
Population
200
Speed
Normal
Resources
Standard
Victory
Conquest
Starting age
Dark Age
Ending age
Imperial Age
RankedLock teamsTeams togetherTeam positionsShared explorationLock speedFull tech treeHidden civsTurbo modeCheats
Victory
Defeat
🇹🇷 Tatars · Türkiye
1186
+14
🇪🇸 Koreans · Spain
1140
-14
VALENTE
11:37 Feudal Age
12:05 Double-Bit Axe
12:17 Horse Collar
16:05 Loom
19:14 Scale Barding Armor
23:02 Castle Age
22:15 Fletching
22:37 Bloodlines
23:42 Bodkin Arrow
24:10 Bow Saw
23:29 Light Cavalry
27:02 Padded Archer Armor
27:42 Wheelbarrow
29:43 Heavy Plow
31:24 Hand Cart
31:20 Gold Mining
31:20 Stone Mining
32:04 Leather Archer Armor
33:32 Ballistics
34:50 Chain Barding Armor
41:26 Imperial Age
39:30 Masonry
39:17 Town Watch
39:50 Husbandry
40:29 Gold Shaft Mining
39:57 Silk Armor
41:36 Forging
42:32 Conscription
42:15 Bracer
43:17 Chemistry
42:59 Plate Barding Armor
44:02 Crop Rotation
44:09 Iron Casting
43:40 Hussar
Coyunto90
6:50 Loom
9:14 Feudal Age
9:46 Double-Bit Axe
12:19 Scale Barding Armor
17:24 Forging
22:14 Castle Age
22:53 Scale Mail Armor
23:09 Gold Mining
24:00 Squires
23:57 Town Watch
24:27 Bow Saw
25:14 Chain Mail Armor
25:43 Fletching
26:50 Bodkin Arrow
28:39 Light Cavalry
28:59 Elite Skirmisher
32:00 Ballistics
32:49 Wheelbarrow
33:38 Iron Casting
40:18 Imperial Age
38:03 Hand Cart
40:12 Murder Holes
41:06 Arrowslits
42:31 Plate Mail Armor
43:33 Chemistry
43:34 Siege Engineers
44:01 Bracer
Connection lost

Rejoining the realm…

Still unreachable

The connection could not be restored.

Session expired

The server has moved on; the page needs a fresh start.